AoeStats
← GDL El Pinguino

Arena

504125122Analyzed
1v1 RM · 28d ago on Sep 4, 2026· 58m 31s· 2 players
Game mode
Random Map
Map size
Tiny (2 player)
Population
200
Speed
Normal
Resources
Standard
Victory
Conquest
Starting age
Dark Age
Ending age
Imperial Age
RankedLock teamsTeams togetherTeam positionsShared explorationLock speedFull tech treeHidden civsTurbo modeCheats
Victory
Defeat
🇲🇽 Bengalis · Mexico
1657
+16
🇲🇽 Spanish · Mexico
1662
-16
_BeTo_
10:51 Feudal Age
14:40 Castle Age
13:09 Double-Bit Axe
18:41 Fervor
20:22 Sanctity
23:08 Loom
28:10 Redemption
28:16 Redemption
40:42 Fletching
42:57 Town Watch
52:15 Imperial Age
50:21 Scale Mail Armor
50:32 Forging
51:14 Bow Saw
50:36 Pikeman
50:36 Pikeman
54:27 Iron Casting
54:39 Wheelbarrow
55:16 Chain Mail Armor
56:55 Bodkin Arrow
58:42 Conscription
59:56 Blast Furnace
GDL El Pinguino
11:57 Feudal Age
15:50 Castle Age
15:25 Double-Bit Axe
15:56 Light Cavalry
16:24 Loom
27:55 Padded Archer Armor
44:31 Imperial Age
47:56 Forging
48:18 Bloodlines
51:09 Scale Barding Armor
51:14 Husbandry
Connection lost

Rejoining the realm…

Still unreachable

The connection could not be restored.

Session expired

The server has moved on; the page needs a fresh start.